 Dungeon Crawl Stone Soup version 0.29-a0-757-g358383bc75 (webtiles) character file.

Game seed: 10781634183238200636

84 dolemite99 the Chopper (level 4, -10/42 HPs)
             Began as a Minotaur Berserker on July 1, 2022.
             Was a Believer of Trog.
             Mangled by a gnoll
             ... wielding a +0 halberd
              (11 damage)
             ... on level 3 of the Dungeon.
             The game lasted 00:02:12 (2482 turns).

dolemite99 the Chopper (Minotaur Berserker)         Turns: 2482, Time: 00:02:12

Health: -10/42     AC:  6    Str: 23    XL:     4   Next: 23%
Magic:  3/3        EV: 10    Int:  8    God:    Trog [**....]
Gold:   129        SH:  0    Dex:  8    Spells: 3/3 levels left

rFire   . . .      SeeInvis .   a - +0 hand axe
rCold   . . .      Faith    .   (no shield)
rNeg    . . .      Spirit   .   g - +0 scale mail
rPois   .          Reflect  .   (helmet restricted)
rElec   +          Harm     .   (no cloak)
rCorr   .          Rampage  .   (no gloves)
Will    .....                   (no boots)
Stlth   ..........              (no amulet)
HPRegen 0.14/turn               (no ring)
MPRegen 0.08/turn               (no ring)

@: brilliant, on berserk cooldown, slowed, very slow
A: horns 2, retaliatory headbutt, clever 1, robust 1, electricity resistance
a: Renounce Religion, Berserk, Trog's Hand


You were on level 3 of the Dungeon.
You worshipped Trog.
Trog was pleased with you.
You visited 1 branch of the dungeon, and saw 3 of its levels.

You collected 129 gold pieces.

Inventory:

Hand Weapons
 a - a +0 hand axe (weapon)
Missiles
 q - a javelin (quivered)
Armour
 f - a +0 ring mail
 g - a +0 scale mail (worn)
Jewellery
 o - an amulet of guardian spirit
Scrolls
 d - 2 scrolls of poison {unknown}
 i - a scroll of teleportation {unknown}
 j - 2 scrolls of magic mapping {unknown}
 n - a scroll of brand weapon {unknown}
Potions
 b - a potion of brilliance
 c - a potion of resistance {unknown}
 e - a potion of curing {unknown}
 h - a potion of haste {unknown}
 k - 2 potions of mutation
 l - a potion of ambrosia {unknown}
 m - a potion of lignification {unknown}
 p - a potion of attraction {unknown}
 r - a potion of heal wounds {unknown}


   Skills:
 - Level 3.6 Fighting
 + Level 6.2 Axes
 - Level 2.4 Armour
 - Level 2.1 Dodging


You had 3 spell levels left.
You didn't know any spells.
Your spell library contained the following spells:

 Spells                   Type           Power      Damage    Failure   Level
 Gell's Gravitas          Tloc           0%         N/A       97%         3
 Teleport Other           Tloc           0%         N/A       97%         3
 Dispersal                Tloc           0%         N/A       100%        6


Dungeon Overview and Level Annotations

Branches:
Dungeon (3/15)

Altars:
Wu Jian

Shops:
D:2 (


Innate Abilities, Weirdness & Mutations

You have a pair of horns on your head.
You reflexively headbutt those who attack you in melee.
Your mind is acute. (Int +4, Str/Dex -1)
You are robust. (+10% HP)
You are resistant to electric shocks. (rElec)


Message History

You kill the rat!
Trog accepts your kill. The gnoll closely misses you.
The gnoll hits you from afar with a +4 halberd of protection.
Your Axes skill increases to level 6!
You have reached level 4!
You feel stronger.
You see here 8 gold pieces.
You hit the gnoll.
The gnoll is moderately wounded.
The gnoll hits you but does no damage.
The gnoll hits you with a +4 halberd of protection.
You hit the gnoll but do no damage.
The gnoll is moderately wounded.
The gnoll barely misses you.
The gnoll hits you with a +4 halberd of protection!
* * * LOW HITPOINT WARNING * * *
You hit the gnoll. You headbutt the gnoll.
You kill the gnoll!
Trog accepts your kill. The gnoll closely misses you.
You see here a +4 halberd of protection.
You feel a strong urge to attack something.
The gnoll closely misses you. You furiously retaliate!
You headbutt the gnoll. You closely miss the gnoll.
The gnoll is lightly wounded.
You are no longer berserk.
You are exhausted.
You feel yourself slow down.
You barely miss the gnoll. You headbutt the gnoll.
The gnoll is heavily wounded.
The gnoll barely misses you. The gnoll hits you with a +0 halberd.
* * * LOW HITPOINT WARNING * * *
It was a potion of brilliance.
You feel clever all of a sudden. The gnoll misses you.
It was a potion of mutation.
You feel extremely strange.
You feel clever.
You feel insulated.
You feel robust. The gnoll hits you with a +0 halberd!
You die...

### ...###########
#...........# .
#...........# ..###
#..........# .....##
#.....g....# .#
#..#####.....@....#
.####..<#......$).(..#
........#.#.$..)...>.#
.#...#....#..........#
.#...#...............#
.#.......#.###########
.....##.#.....<#
.....##........#
.#...###......†#


You could see a gnoll.

Vanquished Creatures
  An adder (D:2)
  2 gnolls (D:3)
  2 dart slugs
  2 endoplasms (D:2)
  6 giant cockroaches
  2 goblins (D:1)
  A hobgoblin (D:2)
  10 jackals
  6 kobolds
  3 quokkas
  6 ball pythons
  2 bats (D:1)
  7 rats
50 creatures vanquished.

Notes
Turn   | Place    | Note
-------+----------+-------------------------------------------
     0 | D:1      | dolemite99 the Minotaur Berserker began the quest for the
                  | Orb.
     0 | D:1      | Reached XP level 1. HP: 19/19 MP: 0/0
   139 | D:1      | Reached skill level 4 in Axes
   178 | D:1      | Reached XP level 2. HP: 24/26 MP: 1/1
   587 | D:1      | Reached ** piety under Trog
   676 | D:1      | Found an ornate altar of the Wu Jian Council.
   763 | D:1      | Reached skill level 5 in Axes
   818 | D:1      | Reached XP level 3. HP: 31/31 MP: 2/2
  1627 | D:2      | Found Rogug's Weapon Emporium.
  1882 | D:2      | You fall into a shaft and drop 1 floor!
  1974 | D:2      | Found a faded altar of an unknown god.
  2473 | D:3      | Reached skill level 6 in Axes
  2473 | D:3      | Reached XP level 4. HP: 25/39 MP: 3/3
  2480 | D:3      | HP: 1/39 [gnoll/+0 halberd (4)]
  2482 | D:3      | Gained mutation: Your mind is acute. (Int +4, Str/Dex -1)
                  | [potion of mutation]
  2482 | D:3      | Gained mutation: You are resistant to electric shocks.
                  | (rElec) [potion of mutation]
  2482 | D:3      | Gained mutation: You are robust. (+10% HP) [potion of
                  | mutation]
  2482 | D:3      | Mangled by a gnoll

Illustrated notes

Levels and vault maps discovered:
D:1:      erik_arrival_triangle_large, layout_basic,
          chequers_serial_rivers_room_b, minivault_5, nrook_loot_triangle,
          minmay_hexomino_r4
D:2:      layout_loops_ring, serial_shops, nicolae_shop_hallway_stairs,
          hellmonk_ecumenical_altar_crossroads
D:3:      layout_rooms

Skill      XL: |  1  2  3 |
---------------+----------+-----
Axes           | 4 5 6 |  6.2
Fighting       | |  3.6
Armour         | |  2.4
Dodging        | |  2.1

Action                   |  1- 3 |  4- 6 || total
-------------------------+-------+-------++-------
Melee: Hand axe          |    82 |     5 ||    87
       Headbutt          |     8 |     2 ||    10
Throw: Javelin           |     3 |       ||     3
Invok: Berserk           |     2 |       ||     2
  Use: Potion            |       |     2 ||     2
Armor: Animal skin       |     2 |       ||     2
       Ring mail         |    16 |       ||    16
       Scale mail        |    27 |     1 ||    28
Dodge: Dodged            |    60 |     5 ||    65

Table legend: (Time is in decaauts)
 A = Elapsed time spent in this place.
 B = Non-inter-level travel time spent in this place.
 C = Inter-level travel time spent in this place.
 D = Time resting spent in this place.
 E = Time spent auto-exploring this place.
 F = Levels seen in this place.
 G = Mean time per level.
                   A        B        C        D        E       F      G
               +--------+--------+--------+--------+--------+-----+--------+
         Total |   2494 |   2370 |    124 |    267 |   1649 |   3 |  831.3 |
       Dungeon |   2494 |   2370 |    124 |    267 |   1649 |   3 |  831.3 |
               +--------+--------+--------+--------+--------+-----+--------+

Top non-repeatable levels by time:
     D:1: 1403 daAuts
     D:2: 1028 daAuts
     D:3: 62 daAuts
